 Dungeon Crawl Stone Soup version 0.30-a0-553-g7fabdf1491 (webtiles) character file.

Game seed: 13783396931659986592

273 PsyCrow the Caller (level 6, 0/36 HPs)
             Began as an Octopode Summoner on Dec 26, 2022.
             Slain by Pikel
             ... wielding a +2 whip of freezing
              (3 damage)
             ... on level 4 of the Dungeon.
             The game lasted 00:07:26 (3415 turns).

PsyCrow the Caller (Octopode Summoner)              Turns: 3415, Time: 00:07:27

Health: 0/36       AC:  1    Str:  8    XL:     6   Next: 23%
Magic:  4/9        EV: 21    Int: 19    God:
Gold:   170        SH:  0    Dex: 12    Spells: 1/9 levels left

rFire   . . .      SeeInvis .    (no weapon)
rCold   . . .      Faith    .    (no shield)
rNeg    + . .      Spirit   .    (helmet restricted)
rPois   .          Reflect  .    (no amulet)
rElec   .          Harm     .    N - ring of positive energy
rCorr   .          Rampage  .    E - +4 ring of evasion
Will    .....                    e - +4 ring of evasion
Stlth   +++                      (no ring)
HPRegen 0.26/turn                (no ring)
MPRegen 0.11/turn                (no ring)
                                 (no ring)
                                 (no ring)

@: about to teleport
A: almost no armour, amphibious, 8 rings, camouflage 1, gelatinous body 1,
(nimble swimmer 1), tentacles
a: no special abilities


You were on level 4 of the Dungeon.
You visited 1 branch of the dungeon, and saw 4 of its levels.

You collected 170 gold pieces.


Innate Abilities, Weirdness & Mutations

You cannot wear most types of armour.
You are amphibious.
You can wear up to eight rings at the same time.
Your skin changes colour to match your surroundings (Stealth+).
Your rubbery body absorbs attacks. (AC +1, EV +1)
((You are camouflaged when in or above water. (Stealth+)))
You have tentacles for arms and can constrict up to eight enemies at once.


   Skills:
 - Level 2.0 Dodging
 - Level 2.6 Stealth
 - Level 2.0 Spellcasting
 + Level 6.6 Summonings
 * Level 2.8 Air Magic


You had one spell level left.
You knew the following spells:

 Your Spells              Type           Power      Damage    Failure   Level
c - Call Canine Familiar  Summ           26%        N/A       3%          3
l - Summon Lightning Spi  Summ/Air       19%        N/A       24%         4
s - Summon Small Mammal   Summ           100%       N/A       1%          1

Your spell library contained the following spells:

 Spells                   Type           Power      Damage    Failure   Level
 Foxfire                  Conj/Fire      4%         2x1d4     17%         1
 Call Imp                 Summ           26%        N/A       1%          2
 Summon Guardian Golem    Hex/Summ       14%        N/A       13%         3
 Portal Projectile        Hex/Tloc       2%         N/A       45%         3
 Tukima's Dance           Hex            1%         N/A       45%         3
 Blade Hands              Tmut           0%         N/A       99%         5
 Fireball                 Conj/Fire      0%         3d3       99%         5
 Starburst                Conj/Fire      0%         6d3       100%        6

Inventory:

Armour
 i - the +10 tower shield of Ignorance {rN+ Int-4}
   (You found it on level 2 of the Dungeon)

   Int:       It affects your intelligence (-4).
   rN:        It protects you from negative energy.
Jewellery
 e - a +4 ring of evasion (on tentacle)
   (You found it on level 3 of the Dungeon)
 E - a +4 ring of evasion (right tentacle)
   (You found it on level 2 of the Dungeon)
 N - a ring of positive energy (left tentacle)
   (You found it on level 1 of the Dungeon)
Scrolls
 b - 3 scrolls of enchant weapon {unknown}
 c - 2 scrolls of identify {unknown}
 g - 2 scrolls of enchant armour {unknown}
 h - a scroll of amnesia {unknown}
 l - 2 scrolls of teleportation {@r4}
Potions
 a - 2 potions of magic
 d - 2 potions of curing {unknown}
 f - a potion of brilliance {unknown}
 j - a potion of berserk rage {unknown}
 k - a potion of degeneration {unknown}
 m - 2 potions of cancellation {unknown}

Dungeon Overview and Level Annotations

Branches:
Dungeon (4/15)
 Temple: D:4-7

Altars:
Wu Jian

Annotations:
D:4 Pikel

........##......##.####+#
........#####...##....#.#
####...†...##...........#
....(......##...........#
......................#.#####+# #
_.♣...................#....##.# +
..............................###
...............5..............# .
...............5@.............#+#
.....#####.....K..######........#
........##............##...#....#
...§..$......5..)......#...##...'
....§..........).......#...##...#
....§.....###.#####....#...##...#
.......).## ### ##...#. #...#
##.....)## ...# #...# #......#
...# #...#


You could see Pikel and 3 lemures.


Message History

You tentacle-slap the orc priest but do no damage.
You constrict the orc priest.
You kill the orc priest!
You start resting.
Your hound disappears in a puff of smoke!
You start resting.
Things that are here:
a +0 short sword; a +0 chain mail 2 lemures come into view.
You see here 2 gold pieces.
Casting: Call Canine Familiar (dangerous; 3% risk of failure)
Confirm with . or Enter, or press ? or * to list all spells.
Okay, then.
Casting: Call Canine Familiar (dangerous; 3% risk of failure)
Confirm with . or Enter, or press ? or * to list all spells.
The spell is extremely dangerous to miscast (24% risk of failure)!
Continue anyway?
An electric hum fills the air.
A lemure comes into view.
What are your orders? t - Shout!
Orders for allies: a - Attack new target. r - Retreat! s - Stop attacking. g - Guard the area. f - Follow me.
Anything else - Cancel.
Gang up on whom?
Press: ? - help, Dir - move target, f - lemure
Aim: a lemure (asleep) Attack!
The lemure shouts!
You hear a shout! x2
A lemure comes into view.
Your lightning spire shoots out a bolt of lightning at the lemure!
The bolt of electricity hits the lemure!
Casting: Summon Lightning Spire (extremely dangerous; 24% risk of failure)
Confirm with . or Enter, or press ? or * to list all spells.
Pikel, Merchant of Souls comes into view.
He is wielding a +2 whip of freezing.
Your lightning spire shoots out a bolt of lightning at the lemure!
The bolt of electricity hits the lemure!
Casting: Call Canine Familiar (dangerous; 3% risk of failure)
Confirm with . or Enter, or press ? or * to list all spells.
Your lightning spire shoots out a bolt of lightning at the lemure!
The bolt of electricity hits the lemure!
Unknown command.
The lemure closely misses your hound.
Your hound closely misses the lemure.
Casting: Summon Small Mammal (safe; 1% risk of failure)
Confirm with . or Enter, or press ? or * to list all spells.
You don't know that spell.
Unknown command.
Your hound bites the lemure.
The lemure hits your lightning spire but does no damage.
The lemure closely misses your hound.
Your rat barely misses the lemure.
Your hound misses the lemure.
You tentacle-slap the lemure but do no damage.
Your grab misses the lemure. You squeeze the lemure.
You kill the lemure!
That felt strangely unrewarding.
Your hound bites the lemure but does no damage.
The lemure closely misses your hound.
Your lightning spire shoots out a bolt of lightning at Pikel!
The bolt of electricity hits Pikel.
Unknown command.
Your hound bites the lemure but does no damage.
The lemure hits your hound.
Your hound barely misses the lemure.
The lemure closely misses your hound.
Your hound bites the lemure.
Your rat barely misses the lemure.
You closely miss Pikel. You grab Pikel. You squeeze Pikel.
You constrict Pikel, but do no damage.
Your hound closely misses the lemure.
The lemure hits your hound! The lemure hits your rat!
Your rat dies!
Your rat's corpse disappears in a puff of smoke!
Pikel completely misses you.
Your hound closely misses the lemure.
You release your grip on Pikel.
Your hound closely misses the lemure.
You closely miss Pikel. You grab Pikel. You constrict Pikel, but do no damage.
Your lightning spire disappears in a puff of smoke!
Your hound barely misses the lemure.
Pikel hits you with a +2 whip of freezing.
Pikel freezes you. The lemure hits your hound.
Your hound dies!
Your hound's corpse disappears in a puff of smoke!
You release your grip on Pikel.
The lemure attacks as you move away! The lemure barely misses you.
Pikel attacks as you move away!
Pikel hits you with a +2 whip of freezing.
Pikel freezes you. Pikel attacks as you move away!
Pikel hits you with a +2 whip of freezing!
* * * LOW HITPOINT WARNING * * *
Pikel freezes you.
* * * LOW HITPOINT WARNING * * *
Okay, then.
As you read the scroll labelled ZOAJ ZE CAFE, it crumbles to dust.
You feel strangely unstable.
It was a scroll of teleportation.
The lemure completely misses you. Pikel completely misses you.
The lemure attacks as you move away! The lemure closely misses you.
The lemure attacks as you move away! The lemure closely misses you.
Pikel attacks as you move away!
Pikel hits you with a +2 whip of freezing!
* * * LOW HITPOINT WARNING * * *
Pikel freezes you.
You die...

Skill      XL: |  1  2  3  4  5 |
---------------+----------------+-----
Summonings     | 5 6 |  6.6
Air Magic      | 2 |  2.8
Dodging        | |  2.0
Stealth        | |  2.6
Spellcasting   | |  2.0

Action                   |  1- 3 |  4- 6 || total
-------------------------+-------+-------++-------
Melee: Unarmed           |    41 |    39 ||    80
       Constrict         |    13 |    17 ||    30
       Tentacles         |     9 |    14 ||    23
 Cast: Summon Small Mamm |    37 |     9 ||    46
       Call Canine Famil |     3 |    14 ||    17
       Summon Lightning  |       |     1 ||     1
  Use: Scroll            |       |     1 ||     1
 Stab: Sleeping          |     1 |       ||     1
       Distracted        |       |     1 ||     1
Armor: Skin              |     6 |       ||     6
Dodge: Dodged            |    35 |    34 ||    69

Levels and vault maps discovered:
D:1:      dpeg_arrival_ternary, layout_rooms,
          hellmonk_ecumenical_altar_watching_god
D:2:      layout_loops_corners, kennysheep_big_empty_room
D:3:      layout_loops_ring
D:4:      nicolae_cairo_tiling_large, layout_basic,
          mainiacjoe_overflow_tiny_flanked, hangedman_abyss_or_decor_passed,
          minmay_small_thing, uniq_pikel

Notes
Turn   | Place    | Note
-------+----------+-------------------------------------------
     0 | D:1      | PsyCrow the Octopode Summoner began the quest for the Orb.
     0 | D:1      | Reached XP level 1. HP: 11/11 MP: 3/3
   268 | D:1      | Noticed a great orb of eyes
   270 | D:1      | Found a faded altar of an unknown god.
   271 | D:1      | Noticed a shining eye
   271 | D:1      | Noticed an eye of devastation
   271 | D:1      | Noticed an eye of devastation
   281 | D:1      | Reached XP level 2. HP: 10/17 MP: 1/5
   473 | D:1      | Reached XP level 3. HP: 21/21 MP: 3/6
   523 | D:1      | You pick up a book of Fire and begin reading...
   523 | D:1      | You add the spells Foxfire, Fireball and Starburst to your
                  | library.
   788 | D:2      | Reached skill level 5 in Summonings
   794 | D:2      | Learned a level 3 spell: Call Canine Familiar
   989 | D:2      | You pick up a book of Weapons and begin reading...
   989 | D:2      | You add the spells Tukima's Dance, Portal Projectile and
                  | Blade Hands to your library.
  1516 | D:2      | Found the +10 tower shield of Ignorance {rN+ Int-4}
  1968 | D:3      | Reached XP level 4. HP: 13/27 MP: 0/7
  2218 | D:3      | Reached skill level 6 in Summonings
  2677 | D:3      | Reached XP level 5. HP: 31/31 MP: 8/8
  2801 | D:3      | Learned a level 4 spell: Summon Lightning Spire
  2838 | D:4      | Reached skill level 1 in Air Magic
  3065 | D:4      | Noticed an ogre
  3070 | D:4      | Found an ornate altar of the Wu Jian Council.
  3082 | D:4      | Reached skill level 2 in Air Magic
  3287 | D:4      | Reached XP level 6. HP: 21/36 MP: 0/9
  3395 | D:4      | Noticed Pikel
  3411 | D:4      | HP: 9/36 [Pikel/+2 whip of freezing (3)]
  3415 | D:4      | HP: 3/36 [Pikel/+2 whip of freezing (7)]
  3415 | D:4      | Slain by Pikel

Vanquished Creatures
  A lemure (D:4)
  An orc priest (D:4)
  A jelly (D:4)
  An orc wizard (D:3)
  2 worms
  A dart slug (D:1)
  4 orcs
  A ball python (D:1)
  A bat (D:1)
  3 hobgoblins
  A jackal (D:1)
  3 quokkas
  4 rats
24 creatures vanquished.

Vanquished Creatures (collateral kills)
  A scorpion (D:4)
  An orc wizard (D:4)
  3 adders (D:3)
  2 dart slugs
  5 orcs (D:3)
  3 ball pythons (D:1)
  2 endoplasms
  A goblin (D:3)
  4 hobgoblins
  3 jackals (D:1)
  A bat (D:2)
  2 frilled lizards
  3 kobolds (D:1)
  4 rats
35 creatures vanquished.

Grand Total: 59 creatures vanquished

Table legend:
 A = Non-vault XP
 B = Vault XP
 C = Vault XP percentage of total XP
 D = Non-vault monster count
 E = Vault monster count
 F = Vault count percentage of total count
                 A         B        C        D         E       F
            +---------+---------+-------+---------+---------+-------
      Total |     390 |       0 |   0.0 |      58 |       0 |   0.0
            +---------+---------+-------+---------+---------+-------
        D:1 |      37 |       0 |   0.0 |      21 |       0 |   0.0
        D:2 |      21 |       0 |   0.0 |      11 |       0 |   0.0
        D:3 |     110 |       0 |   0.0 |      17 |       0 |   0.0
        D:4 |     222 |       0 |   0.0 |       9 |       0 |   0.0
            +---------+---------+-------+---------+---------+-------

Illustrated notes

Table legend:
 A = Kills in this place as a percentage of kills in entire the game.
 B = Kills by you in this place as a percentage of kills by you in the entire game.
 C = Kills by friends in this place as a percentage of kills by friends in the entire game.
 D = Other kills in this place as a percentage of other kills in the entire game.
 E = Experience gained in this place as a percentage of experience gained in the entire game.
 F = Experience gained in this place divided by the number of levels of this place that you have seen.
                   A       B       C       D       E      F
               +-------+-------+-------+-------+-------+----------------------
         Total | 100.0 | 100.0 | 100.0 |   N/A | 100.0 |  97.5
       Dungeon | 100.0 | 100.0 | 100.0 |   N/A | 100.0 |  97.5
               +-------+-------+-------+-------+-------+----------------------

Table legend: (Time is in decaauts)
 A = Elapsed time spent in this place.
 B = Non-inter-level travel time spent in this place.
 C = Inter-level travel time spent in this place.
 D = Time resting spent in this place.
 E = Time spent auto-exploring this place.
 F = Levels seen in this place.
 G = Mean time per level.
                   A        B        C        D        E       F      G
               +--------+--------+--------+--------+--------+-----+--------+
         Total |   3412 |   3259 |    153 |    421 |   2329 |   4 |  853.0 |
       Dungeon |   3412 |   3259 |    153 |    421 |   2329 |   4 |  853.0 |
               +--------+--------+--------+--------+--------+-----+--------+

Top non-repeatable levels by time:
     D:2: 1111 daAuts
     D:3: 947 daAuts
     D:1: 759 daAuts
     D:4: 594 daAuts
